[Event "Tech Mahindra GCL Final 2024"]
[Site "London"]
[Date "2024.10.12"]
[Round "1"]
[White "Firouzja, Alireza"]
[Black "Giri, Anish"]
[Result "1-0"]
[ECO "B13"]
[WhiteElo "2767"]
[BlackElo "2728"]
[Annotator "TA"]
[PlyCount "89"]
[EventDate "2024.09.29"]
[EventType "team-tourn"]
[EventCountry "ENG"]
[SourceTitle "playchess.com"]
[Source "ChessBase"]
[SourceQuality "1"]
[WhiteTeam "Triveni Continental Kings"]
[BlackTeam "Alaskan Knights"]
[TimeControl "1200"]

1. Nc3 Nf6 2. d4 d5 3. Bf4 c5 4. e3 cxd4 5. exd4 a6 6. Nf3 Nc6 7. Ne5 e6 8. g3 {[%emt 0:00:01] The position is equal.} Bd7 9. Bg2 Nxe5 10. dxe5 Ng8 11. h4 Rc8 12. O-O Ne7 13. h5 h6 14. Ne2 Nc6 15. c3 Be7 16. Nc1 O-O 17. Nd3 b5 (17... Bg5 $15 {should be considered.}) 18. a3 a5 19. Qg4 Kh8 20. Rfe1 f5 (20... b4 $11 {remains equal.}) 21. exf6 $16 {[%emt 0:00:20] Black is on the road to losing.} Bxf6 {[%emt 0:00:17][%cal Oe6e5] White must now prevent ...e5!} 22. Bh3 {[%emt 0:03:51] White has more active pieces.} Qe7 {[%emt 0:00:33] Dodges Bd6} 23. Rxe6 Bxe6 24. Qxe6 Qxe6 25. Bxe6 d4 26. Bxc8 Rxc8 27. cxd4 Nxd4 28. Kg2 Rd8 {[%emt 0:00:31] [#] ...Nb3 is the strong threat.} 29. Ne5 $1 Bxe5 (29... Nb3 $16 {is a better defense.} 30. Re1 Kg8) 30. Bxe5 {[%emt 0:00:01][%mdl 4096] Endgame. KRB-KRN} Rd5 31. Re1 Nc6 {[%emt 0:00:08] [#]} 32. Bc7 Rxh5 33. Rc1 {[%emt 0:00:01] Dodges Rc5} Nd4 (33... Ne7 $142 34. Bxa5 Nd5) 34. Bxa5 $18 Rf5 35. Rc7 Rd5 36. Bc3 Kg8 37. Rb7 Nf5 38. Kf3 Rc5 39. g4 Nh4+ 40. Kg3 g5 41. f4 Rd5 {[%emt 0:00:50] Prevents Rd7.} 42. f5 Rd3+ 43. Kf2 h5 $2 (43... Rf3+ 44. Ke2 Rf4) 44. Ke2 Rd5 45. f6 {[%emt 0:00:09] Weighted Error Value: White=0.05 (flawless) /Black=0.47.  Mistake:       	---       	Black=5      Inaccurate:     	White=3     	Black=2      OK:         	White=19    	Black=11     Best:        	White=3     	---        Strong:       	White=1     	---} ({Not} 45. gxh5 Nxf5 46. Kf3 Rd3+ 47. Kg4 Rd5 48. Rb8+ (48. Kxg5 Nd6+ 49. Kg6 Nxb7 $11) 48... Kf7 49. Kxg5 Ng3+ 50. Kg4 Ne4 51. Rb7+ Kg8 $16) 1-0

[Event "Tech Mahindra GCL Final 2024"]
[Site "London"]
[Date "2024.10.12"]
[Round "1"]
[White "Wei, Yi"]
[Black "Abdusattorov, Nodirbek"]
[Result "0-1"]
[ECO "A14"]
[WhiteElo "2763"]
[BlackElo "2783"]
[Annotator "TA"]
[PlyCount "194"]
[EventDate "2024.09.29"]
[EventType "team-tourn"]
[EventCountry "ENG"]
[SourceTitle "playchess.com"]
[Source "ChessBase"]
[SourceQuality "1"]
[WhiteTeam "Triveni Continental Kings"]
[BlackTeam "Alaskan Knights"]
[TimeControl "1200"]

1. b3 Nf6 2. Bb2 d5 3. Nf3 e6 4. c4 b6 5. g3 Bb7 6. Bg2 Nbd7 7. O-O Be7 8. e3 O-O 9. Qe2 c5 10. Nc3 Rc8 11. Rac1 Qc7 12. Rfd1 Qb8 13. d4 cxd4 14. exd4 Qa8 15. a4 {[%emt 0:01:43][%cal Ba2a4,Ba4a5][%mdl 32] The position is equal.} Rfd8 16. a5 dxc4 17. bxc4 {[%emt 0:00:03][%cal Od4d5] Hoping for d5!} Bb4 18. axb6 Bxc3 19. Bxc3 axb6 20. Ra1 Qb8 21. Bd2 Be4 22. Bf1 Qb7 23. Ne1 h6 24. f3 Bc6 25. Bg2 (25. Ra3 $14) 25... Ra8 $11 26. Nd3 Rxa1 27. Rxa1 Ra8 28. Rb1 Qa7 29. Nb4 Bb7 30. Bc3 Rc8 31. Ra1 Qb8 32. Rc1 Qa8 33. Ra1 Qb8 34. Rc1 Qd6 35. Bh3 Ra8 36. Kf2 Ra4 37. Rb1 Qb8 38. Qd1 Ra3 39. Rb3 (39. Qc1 {keeps more tension.} Qa8 40. Ra1 Rxa1 41. Qxa1 Bxf3 42. Qxa8+ Bxa8 43. Ke3) 39... Rxb3 (39... Bxf3 $1 $15 40. Kxf3 Qa8+ 41. d5 Qa4) 40. Qxb3 Qa8 (40... g5 {is interesting.} 41. Qb1 g4 42. Bxg4 Nxg4+ 43. fxg4 Qd6) 41. Bb2 Qc8 (41... Qa5 $11) 42. Bf1 Ne8 43. Be2 Nd6 44. Nc2 Nf5 45. Ne3 Nxe3 46. Qxe3 Ba6 47. Qb3 Qc6 48. Ba3 Nf6 49. Qb4 Qc8 {[%emt 0:00:02] Inhibits Qf8+.} 50. Qb3 (50. Qxb6 Bxc4 51. Qc5 Ba6 $11) (50. Qa4 $16) 50... Qd8 (50... Qc6 $1 $11) 51. Qe3 (51. Ke3 $14) 51... Qc8 52. Qb3 Qd8 53. Qe3 Qc8 54. Qd3 Qd8 55. h4 ({White should play} 55. Qc3 $14) 55... Qc7 56. Bb4 (56. Bb2 $5) 56... Nh5 57. f4 Nf6 58. Ba3 Bb7 59. Ke1 Qc6 60. Kd2 $2 (60. d5 $1 $11 exd5 61. cxd5 Nxd5 62. Bb2) 60... Qg2 $19 61. Kc1 (61. Qe3 $142) 61... Ne4 62. g4 Qf2 {[%emt 0:00:06] Inhibits Qe3.} 63. f5 (63. Bf3 {was called for.}) 63... Ng3 (63... Qxh4 64. fxe6 Qg5+ (64... fxe6 65. Bb4 $17) 65. Kc2 fxe6 66. Bb4) (63... exf5 $19 64. d5 Bc8 (64... Qxh4 $2 65. gxf5 Bc8 66. Qc2 $19) (64... Qf4+ $2 65. Kc2 $19)) 64. Bd1 $17 Be4 (64... exf5 $17 {...Qf4+ is the strong threat.} 65. d5 Bc8 (65... fxg4 66. d6 $11)) 65. Qd2 $11 {[%emt 0:00:11] Dodges Qf4} Qf1 {[%emt 0:00:01] Chess con chili.} 66. Kb2 (66. fxe6 $11 {remains equal.} Qxc4+ 67. Kb2 fxe6 (67... Qxe6 68. Qf4 $14) 68. Qe3) 66... Qxc4 ({Better is} 66... exf5 $17 67. Bd6 Nh1) 67. Bb3 (67. fxe6 $15 {deserves consideration.} fxe6 (67... Qxe6 68. Qf4 $14) 68. Qe3) 67... Qb5 {[%emt 0:00:01] Black is much more active.} (67... Nf1 $1 $17 68. Qf2 Qb5 69. fxe6 fxe6) 68. fxe6 (68. Qe3 $11 Nf1 (68... exf5 69. Qxg3 Qe2+ 70. Kc3 $11) 69. Qxe4 Qxb3+ 70. Kxb3 Nd2+ 71. Kb4 Nxe4 72. Kb5) 68... Bd5 (68... fxe6 $17 {White must now prevent ...Bd5.} 69. Qe3 Nf1 70. Qxe4 Qxb3+ 71. Kxb3 Nd2+ 72. Kb4 Nxe4) 69. exf7+ Bxf7 70. Qb4 Qe2+ (70... Qxb4 {simplifies} 71. Bxb4 Bxb3 72. Kxb3 Kf7) 71. Bc2 {[%emt 0:00:08][%csl Ga3][%cal Rb4f8] [#] This pair of bishops is nice.} Bg6 72. Qb3+ Kh7 73. h5 Be4 74. d5 {[%emt 0:00:08] Threatens to win with d6.} Nf1 {[%emt 0:00:04] aiming for ...Ne3.} 75. Qa4 Qxc2+ 76. Qxc2 Bxc2 77. Kxc2 {[%emt 0:00:03][%mdl 4096] Endgame. Intending d6 and mate. KB-KN} Ne3+ 78. Kd3 Nxd5 79. Ke4 Nf6+ 80. Kf5 b5 81. Bc5 Nd7 82. Bd6 $1 Nb6 83. g5 hxg5 84. Kxg5 Nd5 {[%emt 0:00:01] And now ...b4 would win.} 85. Kf5 Nf6 86. Ke5 Nxh5 87. Kd4 Kg6 88. Bf8 Nf4 89. Bd6 Kf5 90. Kc5 g5 91. Kxb5 Ke4 {[%emt 0:00:02] ( -> ...g4)} 92. Kc6 $2 {[%emt 0:00:02][%mdl 8192] [#]} (92. Kc4 $11) 92... g4 {[%emt 0:00:01] Black mates.} 93. Bc5 g3 94. Kd6 Nd3 95. Bg1 Nf2 96. Ke6 Kf3 97. Kf5 Kg2 {[%emt 0:00:01] Weighted Error Value: White=0.25 (precise) /Black=0.13 (very precise) .  Loses game:     	White=2     	---        Mistake:       	White=9     	Black=8      Inaccurate:     	White=7     	Black=9      OK:         	White=25    	Black=34     Best:        	White=4     	Black=3      Strong:       	White=1     	---} 0-1

[Event "Tech Mahindra GCL Final 2024"]
[Site "London"]
[Date "2024.10.12"]
[Round "1"]
[White "Radjabov, Teimour"]
[Black "Mamedyarov, Shakhriyar"]
[Result "1/2-1/2"]
[ECO "D37"]
[WhiteElo "2700"]
[BlackElo "2733"]
[Annotator "TA"]
[PlyCount "61"]
[EventDate "2024.09.29"]
[EventType "team-tourn"]
[EventCountry "ENG"]
[SourceTitle "playchess.com"]
[Source "ChessBase"]
[SourceQuality "1"]
[WhiteTeam "Triveni Continental Kings"]
[BlackTeam "Alaskan Knights"]
[TimeControl "1200"]

1. d4 d5 2. c4 e6 3. Nf3 Nf6 4. Nc3 Be7 5. Bf4 O-O 6. e3 c5 7. cxd5 Nxd5 8. Nxd5 Qxd5 9. dxc5 Qxc5 {[%emt 0:00:13] White should prevent ...Qa5+.} 10. a3 {[%emt 0:00:45] The position is equal.} Rd8 11. Qc1 Qxc1+ 12. Rxc1 Nc6 13. Be2 Bf6 14. Bg5 Bxg5 15. Nxg5 Bd7 16. O-O Be8 17. Rfd1 {[%emt 0:00:23] Repels Rd2} Rxd1+ 18. Rxd1 Rd8 19. Rxd8 Nxd8 $11 {[%emt 0:00:02][%mdl 4096] Endgame. KBN-KBN} 20. Kf1 f6 21. Ne4 Kf8 22. Nc3 Ke7 23. Ke1 Nf7 24. Kd2 Nd6 25. Bd3 h5 26. Ne4 h4 27. Nxd6 Kxd6 28. g3 hxg3 29. hxg3 b6 30. Kc3 g5 31. f4 {[%emt 0:00:09] An interesting draw.   Weighted Error Value: White=0.01 (flawless) /Black=0.02 (flawless) .  OK:         	White=10    	Black=10     Best:        	White=1     	---} 1/2-1/2

[Event "Tech Mahindra GCL Final 2024"]
[Site "London"]
[Date "2024.10.12"]
[Round "1"]
[White "Sindarov, Javokhir"]
[Black "Nihal Sarin"]
[Result "1/2-1/2"]
[ECO "B11"]
[WhiteElo "2668"]
[BlackElo "2668"]
[Annotator "TA"]
[PlyCount "125"]
[EventDate "2024.09.29"]
[EventType "team-tourn"]
[EventCountry "ENG"]
[SourceTitle "playchess.com"]
[Source "ChessBase"]
[SourceQuality "1"]
[WhiteTeam "Triveni Continental Kings"]
[BlackTeam "Alaskan Knights"]
[TimeControl "1200"]

1. e4 c6 2. Nf3 d5 3. Nc3 Bg4 4. h3 Bxf3 5. Qxf3 e6 6. Be2 Bc5 {[%emt 0:00:02] B11: Caro-Kann: Two Knights Variation.} 7. Qg3 Bd4 8. exd5 exd5 9. O-O Nd7 10. Bd1 Ne7 11. Ne2 Be5 12. Qf3 d4 13. c3 Nc5 14. Re1 Ne6 $146 ({Predecessor:} 14... Qd6 15. d3 Ne6 16. cxd4 Bxd4 17. Nxd4 Qxd4 18. Bb3 O-O 19. Re4 Qd7 20. Bxe6 fxe6 {1-0 Sindarov,J (2677)-Ponomariov,R (2654) Olympiad-45 Budapest 2024 (7.3)}) 15. Bb3 O-O 16. d3 Ng6 17. Bd2 Nc5 18. cxd4 Nxb3 19. axb3 Bxd4 20. Nxd4 Qxd4 21. Bc3 Qd7 22. Ra4 f6 23. h4 Rfe8 24. Rxe8+ Rxe8 25. h5 Ne5 26. Bxe5 Rxe5 27. Rxa7 h6 28. b4 Kh7 29. Ra5 b5 30. Ra1 Qd4 31. Rb1 Qxb4 32. Qxc6 Rxh5 33. g3 Rc5 34. Qf3 Re5 35. Kg2 Qd4 36. Rd1 h5 (36... Rd5 {simplifies} 37. Qe3 Rd8 38. Qxd4 Rxd4 39. Kf3 Rb4) 37. Rh1 Kg6 38. b3 Rf5 39. Qe2 $1 Qd5+ 40. Qe4 Qxe4+ 41. dxe4 Rc5 42. Re1 Rc3 43. e5 Kf7 (43... Rxb3 $2 {too greedy.} 44. e6 Ra3 45. e7 $18) 44. exf6 Kxf6 45. Rd1 Rxb3 46. Rd6+ Ke7 47. Rb6 b4 48. Kh3 g5 49. Rb5 $2 (49. Rg6 $11 {and White has nothing to worry.}) 49... h4 $2 (49... Kf6 $19 {Threatens to win with ...Rb1.} 50. Kg2 Rb1) 50. Rxg5 $11 hxg3 51. fxg3 Rd3 52. Rb5 b3 53. Kh4 Kd6 54. g4 Kc6 55. Rb8 Kc5 56. g5 Rd4+ 57. Kh5 Rb4 58. Rxb4 Kxb4 59. g6 b2 60. g7 b1=Q 61. g8=Q Qf5+ 62. Qg5 Qxg5+ 63. Kxg5 1/2-1/2

[Event "Tech Mahindra GCL Final 2024"]
[Site "London"]
[Date "2024.10.12"]
[Round "1"]
[White "Kosteniuk, Alexandra"]
[Black "Tan, Zhongyi"]
[Result "1-0"]
[ECO "C43"]
[WhiteElo "2480"]
[BlackElo "2551"]
[Annotator "TA"]
[PlyCount "119"]
[EventDate "2024.09.29"]
[EventType "team-tourn"]
[EventCountry "ENG"]
[SourceTitle "playchess.com"]
[Source "ChessBase"]
[SourceQuality "1"]
[WhiteTeam "Triveni Continental Kings"]
[BlackTeam "Alaskan Knights"]
[TimeControl "1200"]

1. e4 e5 2. Nf3 Nf6 3. d4 Nxe4 4. Bd3 d5 5. Nxe5 Nd7 6. O-O Nxe5 7. dxe5 Nc5 8. Be3 Be7 9. f4 Nxd3 10. Qxd3 g6 11. Nc3 c6 12. Ne2 Bf5 13. Qb3 Qd7 14. Ng3 Be6 15. Qd3 c5 16. c3 O-O-O 17. f5 gxf5 18. Nxf5 Bxf5 19. Qxf5 Qxf5 20. Rxf5 Kd7 21. Rxf7 Ke6 22. Rxe7+ Kxe7 23. Bxc5+ Ke6 24. Bxa7 Rhf8 (24... Ra8 $11 {keeps the balance.} 25. Bd4 b5) 25. Bd4 $16 Rf4 26. g3 ({White should play} 26. a4 $16) 26... Rf3 (26... Rg8 $11) 27. Rd1 (27. a4 $1 $16) 27... b5 $11 28. Kg2 Rf7 29. a3 Rg8 30. Ra1 Ra8 31. Re1 Rg8 32. Ra1 Ra8 33. b3 Rff8 34. a4 bxa4 35. bxa4 Ra6 36. a5 Rfa8 37. Rf1 Rxa5 38. Rf6+ Ke7 {[%emt 0:00:05] [#]} 39. Rh6 $1 Rh8 $2 (39... Ra2+ {might work better.} 40. Kh3 Rg8 41. Rxh7+ Ke6 42. Rh6+ Ke7) 40. g4 $18 Ra2+ 41. Kg3 Re2 42. h4 Re4 $2 (42... Ke8 {was worth a try.} 43. e6 Rg8 44. Rxh7 Re4) 43. g5 $18 Ke8 44. e6 Rf8 45. Rxh7 Rxe6 46. Ra7 Rf1 $2 (46... Rf5 47. Rb7 Re4) 47. h5 $18 Re4 48. Ra8+ $2 (48. h6 Rff4 49. h7 Rg4+ 50. Kf2 Rgf4+ 51. Kg2) 48... Kd7 49. g6 Rff4 $2 (49... Rf5 50. g7 (50. Ra7+ Kc6 $18) 50... Rg5+ 51. Kf2 Rf5+ 52. Kg2 Rg4+ 53. Kh3 Rfg5) 50. Ra7+ $18 Ke6 51. Ra6+ Ke7 52. Ra7+ (52. h6 $142 {Threatens to win with h7.} Rg4+ 53. Kf2 Rgf4+ 54. Kg2 Rg4+ 55. Kf1 Ref4+ 56. Ke1 Re4+ 57. Kd1 Rxg6 58. Rxg6) 52... Ke6 $18 53. Ra6+ (53. g7 $142 Rg4+ 54. Kf2 Rgf4+ 55. Kg1 Rg4+ 56. Kf1 Ref4+ 57. Bf2) 53... Ke7 $1 $18 {[%emt 0:00:01] [#]} 54. Be3 $2 (54. h6 $1 $18 {[%mdl 512] and the rest is easy. Strongly threatening h7.} Rg4+ 55. Kf2 Rgf4+ 56. Kg2 Rg4+ 57. Kf1 Rgf4+ 58. Bf2) 54... Rf5 $16 (54... Rxe3+ $2 {perishes.} 55. Kxf4 Re4+ 56. Kg5 $18) 55. Bc5+ Kd7 56. g7 ({Of course not} 56. Rd6+ $6 Kc7 $11) 56... Rg5+ 57. Kf3 Rh4 $2 (57... Rf5+ $16 58. Kg2 Rg5+ 59. Kf1 Rxg7) 58. Rg6 Rf5+ 59. Kg3 Rhf4 60. g8=Q 1-0

[Event "Tech Mahindra GCL Final 2024"]
[Site "London"]
[Date "2024.10.12"]
[Round "1"]
[White "Gunina, Valentina"]
[Black "Kashlinskaya, Alina"]
[Result "1/2-1/2"]
[ECO "E11"]
[WhiteElo "2425"]
[BlackElo "2493"]
[Annotator "RC"]
[PlyCount "182"]
[EventDate "2024.09.29"]
[EventType "team-tourn"]
[EventCountry "ENG"]
[SourceTitle "playchess.com"]
[Source "ChessBase"]
[SourceQuality "1"]
[WhiteTeam "Triveni Continental Kings"]
[BlackTeam "Alaskan Knights"]
[TimeControl "1200"]

1. d4 Nf6 2. c4 e6 3. Nf3 Bb4+ 4. Bd2 a5 5. a3 Bxd2+ 6. Qxd2 b6 7. Nc3 Bb7 8. Qf4 d5 9. Nb5 Na6 10. e3 O-O 11. Be2 dxc4 12. Bxc4 c5 13. O-O cxd4 14. Nfxd4 Nc5 15. Rfd1 Qe7 16. Qe5 Nfd7 17. Qg3 Rad8 18. f3 Nf6 19. e4 a4 20. e5 Nh5 21. Qg4 g6 22. h4 Kh8 23. Nd6 Ba8 24. Re1 f5 25. Qg5 Qxg5 26. hxg5 Nf4 27. Rad1 Rd7 28. Kh2 Rfd8 29. g3 Nd5 30. Nxe6 Nxe6 31. Bxd5 Bxd5 32. Rxd5 Nxg5 33. Kg2 Ne6 34. Red1 Ra8 35. R1d2 f4 36. Rb5 Rc7 37. Rxb6 fxg3 38. Kxg3 Rc5 39. Nf7+ Kg7 40. Rd7 Rc7 41. Rxc7 Nxc7 42. Ng5 Ra7 43. Rc6 Nd5 44. Ne6+ Kf7 45. Nc5 Ne7 46. Rf6+ Ke8 47. Rb6 Ra5 48. Rb8+ Kf7 49. e6+ Kf6 50. Rf8+ Ke5 51. f4+ Kd5 52. Nb7 Rb5 53. Nd8 Rb3+ 54. Kg4 h6 55. Rf7 Kd6 56. Rf6 h5+ 57. Kg5 Rg3+ 58. Kh6 Nf5+ 59. Kh7 Ke7 60. Rxg6 Kxd8 61. Rf6 Ne7 62. f5 h4 63. Rf8+ Kc7 64. f6 Kd6 65. Ra8 h3 66. Ra6+ Nc6 67. e7 Re3 68. Rxa4 h2 69. Rh4 Re2 70. b4 Kd7 71. Kg7 Ne5 72. f7 Rg2+ 73. Kf6 Nxf7 74. Kxf7 Rf2+ 75. Kg6 Kxe7 76. Kg5 Ra2 77. Kf5 Kd6 78. Ke4 Kc6 79. Kd4 Rxa3 80. Rxh2 Rg3 81. Kc4 Rg4+ 82. Kb3 Rg3+ 83. Ka4 Kb6 84. Rh6+ Kb7 85. Ka5 Rg5+ 86. b5 Kb8 87. Ka6 Rg8 88. Rh7 Rf8 89. b6 Rg8 90. Rb7+ Ka8 91. Rc7 Kb8 1/2-1/2

[Event "Tech Mahindra GCL Final 2024"]
[Site "London"]
[Date "2024.10.12"]
[Round "2"]
[White "Abdusattorov, Nodirbek"]
[Black "Wei, Yi"]
[Result "0-1"]
[ECO "B90"]
[WhiteElo "2783"]
[BlackElo "2763"]
[Annotator "RC"]
[PlyCount "174"]
[EventDate "2024.09.29"]
[EventType "team-tourn"]
[EventCountry "ENG"]
[SourceTitle "playchess.com"]
[Source "ChessBase"]
[SourceQuality "1"]
[WhiteTeam "Alaskan Knights"]
[BlackTeam "Triveni Continental Kings"]
[TimeControl "1200"]

1. e4 c5 2. Nf3 d6 3. d4 cxd4 4. Nxd4 Nf6 5. Nc3 a6 6. h3 e5 7. Nde2 h5 8. g3 b5 9. Nd5 Nbd7 10. Bg2 Bb7 11. Nec3 Nxd5 12. Nxd5 Bxd5 13. Qxd5 h4 14. Be3 Be7 15. Qd2 Rc8 16. g4 O-O 17. g5 Qc7 18. c3 Qc4 19. Bf3 Nc5 20. Bxc5 Rxc5 21. Rg1 d5 22. exd5 e4 23. Be2 Qxd5 24. Qxd5 Rxd5 25. Rg4 Re5 26. a4 Bxg5 27. axb5 axb5 28. Ra5 Rb8 29. c4 Bd8 30. Rxb5 Rbxb5 31. cxb5 g5 32. Bc4 Kg7 33. Ke2 Bb6 34. f4 exf3+ 35. Kxf3 Re3+ 36. Kg2 Kg6 37. Bf1 Rb3 38. Rc4 Rxb2+ 39. Kh1 Be3 40. Bd3+ Kf6 41. Rc2 Rb4 42. Bc4 Ke7 43. Re2 Rxc4 44. Rxe3+ Kd6 45. Rf3 Ke6 46. Rb3 Rc7 47. b6 Rb7 48. Kg2 Kd6 49. Rf3 Ke6 50. Rb3 f6 51. Kf3 Kd6 52. Ke4 Kc5 53. Rc3+ Kb5 54. Rb3+ Ka5 55. Kf5 Rxb6 56. Rc3 Kb5 57. Rc1 Rc6 58. Rb1+ Kc5 59. Rc1+ Kb6 60. Rd1 Kc7 61. Rd2 Rd6 62. Re2 Kc6 63. Rc2+ Kd7 64. Re2 Rb6 65. Re1 Rc6 66. Re2 Kc7 67. Rd2 Rd6 68. Rc2+ Kb7 69. Rc1 Kb6 70. Rc2 Rc6 71. Rd2 Kb5 72. Rb2+ Kc5 73. Rd2 Rb6 74. Rd1 Kc4 75. Rd2 Kc3 76. Rd1 Ra6 77. Rd8 Rc6 78. Rd1 Kb4 79. Rd4+ Rc4 80. Rd6 Rf4+ 81. Kg6 Rf3 82. Rc6 Rxh3 83. Rxf6 Rg3 84. Rf1 h3 85. Kf5 g4 86. Kf4 Rg2 87. Rh1 h2 0-1

[Event "Tech Mahindra GCL Final 2024"]
[Site "London"]
[Date "2024.10.12"]
[Round "2"]
[White "Mamedyarov, Shakhriyar"]
[Black "Radjabov, Teimour"]
[Result "1-0"]
[ECO "E62"]
[WhiteElo "2733"]
[BlackElo "2700"]
[Annotator "TA"]
[PlyCount "83"]
[EventDate "2024.09.29"]
[EventType "team-tourn"]
[EventCountry "ENG"]
[SourceTitle "playchess.com"]
[Source "ChessBase"]
[SourceQuality "1"]
[WhiteTeam "Alaskan Knights"]
[BlackTeam "Triveni Continental Kings"]
[TimeControl "1200"]

1. d4 Nf6 2. c4 d6 3. Nf3 g6 4. Nc3 Bg7 5. g3 O-O 6. Bg2 Nc6 7. O-O e5 8. h3 exd4 9. Nxd4 Nxd4 10. Qxd4 Be6 11. Qh4 Nh5 12. Bg5 (12. Bxb7 Qxh4 13. gxh4 Rab8 $17) 12... f6 {[%emt 0:01:56] White has an edge.} 13. Be3 (13. Bd2 $142) 13... c6 14. Rfd1 ({But not} 14. g4 $2 g5 15. Qxh5 Bf7 $19) 14... f5 {[%emt 0:00:18] Threatens to win with ...Bf6.} 15. Bg5 Bf6 ({Better is} 15... Qd7 $15 16. Be3 h6) 16. Bxf6 $14 Qxf6 17. Qxf6 Nxf6 18. Rxd6 Bxc4 19. b3 $36 {[%emt 0:00:05][%mdl 2048] White has good play.} Ba6 20. Rad1 Kf7 21. Na4 {[%emt 0:02:48] White is more active.} Bxe2 {[%emt 0:04:55] [#]} 22. R1d2 Rfe8 23. Nc5 Ba6 24. Nxa6 Re1+ 25. Kh2 bxa6 26. Rxc6 Rae8 27. Rxa6 R8e7 28. b4 Ne4 29. Rb2 Rc7 {[%emt 0:00:33] [#]} 30. b5 (30. a4 $1 $18) 30... Rec1 31. a4 Nc5 32. Rc6 Rxc6 33. Bxc6 $16 {[%emt 0:00:20][%mdl 4096] Endgame. a5 is the strong threat. KRB-KRN} Ke7 (33... Ra1 $16 {keeps fighting.}) 34. a5 $18 Kd6 35. Bg2 {[%emt 0:00:24] Hoping for b6.} ({Don't take} 35. Rd2+ $6 Kc7 36. Re2 Kd6 37. Rd2+ Kc7) 35... Nd7 (35... Rc3 $142 36. Rd2+ Kc7) 36. b6 axb6 37. axb6 Rc8 38. Rd2+ Ke7 39. b7 Rb8 40. g4 Nc5 41. gxf5 gxf5 42. Rd5 {[%emt 0:00:01][%csl LRc5,LRf5] Weighted Error Value: White=0.07 (flawless) /Black=0.25 (precise) .  Mistake:       	White=2     	Black=3      Inaccurate:     	White=1     	Black=5      OK:         	White=18    	Black=11     Best:        	White=4     	Black=1} 1-0

[Event "Tech Mahindra GCL Final 2024"]
[Site "London"]
[Date "2024.10.12"]
[Round "2"]
[White "Giri, Anish"]
[Black "Firouzja, Alireza"]
[Result "1-0"]
[ECO "B12"]
[WhiteElo "2728"]
[BlackElo "2767"]
[Annotator "TA"]
[PlyCount "115"]
[EventDate "2024.09.29"]
[EventType "team-tourn"]
[EventCountry "ENG"]
[SourceTitle "playchess.com"]
[Source "ChessBase"]
[SourceQuality "1"]
[WhiteTeam "Alaskan Knights"]
[BlackTeam "Triveni Continental Kings"]
[TimeControl "1200"]

1. e4 c6 2. d4 d5 3. e5 Bf5 4. Nf3 e6 5. Be2 Ne7 6. c3 h6 7. O-O Nd7 8. Na3 a6 {[%emt 0:00:24] B12: Caro-Kann: Advance Variation.} (8... Bh7 9. Nc2 Ng6 10. Bd3 Be7 11. g3 c5 12. h4 c4 13. Be2 O-O 14. Ne3 f6 15. h5 Nh8 16. exf6 Nxf6 17. Ne5 Nf7 18. Ng6 Bxg6 19. hxg6 {½-½ Giri,A (2764)-Firouzja,A (2728) Chessbrahmin May blitz 2020 (3.3)}) 9. Nc2 c5 10. dxc5 Nxc5 11. Be3 Nd7 12. Ncd4 g5 13. c4 $146 ({Predecessor:} 13. Nxf5 Nxf5 14. Bd4 Bg7 15. Re1 g4 16. Nd2 h5 17. f4 Nxd4 18. cxd4 Qb6 19. Nb3 {½-½ Binas,J (2234)-Kotrc,M (2212) CZE-ch sf31 email 2013}) 13... Bg6 14. h4 dxc4 15. hxg5 hxg5 16. Bxg5 Bg7 17. Bxc4 Nxe5 18. Qe2 Nxc4 19. Qxc4 Rc8 20. Qb4 Qd7 21. Rfe1 Nd5 22. Qa3 Bf8 23. Qb3 Bg7 24. Qa3 Bf8 25. Qb3 Bg7 26. Ne5 Bxe5 27. Rxe5 Kf8 28. Rae1 Kg7 29. Qf3 Rh5 30. Ne2 f6 31. Rxd5 Qxd5 32. Qxf6+ Kh7 33. Qe7+ Kg8 34. Nf4 Qe4 35. Rd1 Rh7 36. Qf6 (36. Qxe6+ Qxe6 37. Nxe6 Bf7 $17) 36... Bf5 37. Bh6 Rf7 $1 38. Qg5+ (38. Nh5 $2 Qg4 39. Rd8+ Rxd8 40. Qxd8+ Kh7 41. Nf6+ Rxf6 42. Qxf6 Qd1+ 43. Kh2 Qh5+ 44. Kg1 Qxh6 $19) 38... Kh7 39. Qh4 Kg8 40. Qg5+ Kh7 41. Qh4 e5 42. f3 $2 {[%emt 0:00:19][%mdl 8192] [#]} (42. Bg5+ Kg8 43. Nd5 (43. Bf6 $2 Rh7 $19) 43... Qxh4 44. Bxh4 Rc2 45. Nf6+ Rxf6 46. Bxf6 Rxb2) (42. Bg7+ $11 Kxg7 43. Ne6+ Kg6 (43... Kg8 $2 44. Rd8+ Rxd8 45. Qxd8+ Kh7 46. Ng5+ Kg7 47. Nxe4 $18) 44. Qg5+ Kh7 45. Qh5+ Kg8 46. Qg5+ Kh7 47. Qh5+ Kg8 48. Qg5+ Kh7) 42... Qc2 $1 $19 43. Rd6 exf4 (43... Qc5+ 44. Kh2 exf4 (44... Qxd6 $2 45. Bf8+ Kg8 46. Bxd6 $18) 45. Rf6 Rxf6 46. Bf8+ Kg6 47. Bxc5 Rxc5 48. Qxf4 $19) 44. Bxf4+ Kg8 45. Rh6 $2 (45. Rd8+ {was the only chance.} Rf8 (45... Rxd8 $2 46. Qxd8+ Rf8 47. Qd5+ Kh7 48. Qxb7+ Kg6 49. Qxa6+ Rf6 50. Qb5 $19) 46. Rd4) 45... Rg7 $19 46. Bg3 Qc1+ (46... Qxb2 47. Rh8+ Kf7 48. Qh5+ Ke7 49. Qh4+ Qf6 50. Rxc8 Bxc8 51. Qe4+ Qe6 52. Qb4+ Kf7 53. Qd2) 47. Kh2 Rc6 $2 (47... Qxb2 48. Rh8+ Kf7 49. Qh5+ Ke7 50. Rh6 Rxg3 51. Qh4+ Kd7 52. Qxg3 $19) ({Black should play} 47... Qxh6 $19 48. Qxh6 Rh7 49. Qxh7+ Kxh7) 48. Qd8+ $2 (48. Rh8+ $11 {and White stays safe.} Kf7 49. Qh5+ Bg6 50. Qd5+ Re6 51. Qxb7+ Re7 52. Qd5+ Re6 53. Qb7+ Re7 54. Qb3+ Re6 55. Qb7+) 48... Kf7 $19 49. Qd5+ Be6 50. Qh5+ Kf8 51. Rh8+ (51. Be5 Rxg2+ 52. Kxg2 Rc2+ (52... Bxa2 53. Qf5+ Bf7 54. Bg7+ Ke7 55. Bf6+ Ke8 56. Rh8+) (52... Qd2+ 53. Kg3 Qe1+ 54. Kf4 Rc4+ 55. Bd4 Rxd4+ 56. Kg5 Qe5+ 57. Kg6 Qg7#) 53. Kg3 Qe1+ (53... Bxa2 54. Bd6+ Kg8 55. Qg6#) 54. Kf4 Rc4+ (54... Bxa2 55. Qf5+ Ke8 56. Rh8+ Ke7 57. Qf6+ Kd7 58. Rd8#) (54... Bxa2 55. Qf5+ Ke8 56. Rh8+ Ke7 57. Qf6+ Kd7 58. Rd8#)) 51... Bg8 52. Qh4 $2 (52. Qf5+ Rf7 53. Qe5 Rh6+ 54. Bh4) 52... Rcg6 $2 (52... Qxb2 53. Qd8+ Kf7 54. Qd7+ Kf8 (54... Kg6 55. Qe8+ Bf7 56. Qe4+ Kf6 57. Bh4+ Rg5 58. f4 Bg6 59. Rf8+ Bf7 60. Qd5) 55. Bd6+ Rxd6 56. Qxd6+ Kf7 57. Qc7+ (57. Qd7+ Kg6 $11) 57... Ke8 58. Qc8+ Ke7 59. Qc7+ Ke8 60. Qc8+ Ke7 61. Qc7+ Ke8 $11) (52... Qd2 $19 {[%cal Oc6g6] Strongly threatening ...Rcg6!} 53. Bf2 Rgg6 (53... Qxb2 54. Qd8+ Kf7 55. Qd7+ Kf8 56. Qd8+ Kf7 57. Qd7+ Kf8 58. Qd8+ $11)) 53. Qd8+ $11 Kf7 54. Qd7+ Kf6 55. Qd6+ Kf7 56. Qd7+ Kf6 57. Bh4+ Ke5 $2 (57... Rg5 $11 58. Rh6+ R7g6 59. Qd4+ Kf7 60. Qd7+ Kf6 (60... Kf8 $2 61. Rxg6 Qf4+ 62. g3 $18) 61. Qd4+ Kf7 62. Qd7+ Kf6 (62... Kf8 $2 63. Rxg6 Qf4+ 64. g3 $18)) 58. Rh5+ 1-0